General information
- name: forum
- type: Ladder 1vs1/FFA
- host: Chainer-
- saver: Zith)
map: TerenasStand
- players: 4
- length: 13:22
- speed: Fast
- version: 1.24 W3XP
- replay type: Public
» download(90 KB)
Players
team 1 (winner)
Zith) (
red | 142 APM | 1901 actions | 13:22)
6 Priestess of the Moon
3 Trueshot Aura
2 Searing Arrows
1 Starfall
» actions
| Assign group hotkey | 29 | |
| Basic commands | 28 | |
| Build / train | 42 | |
| Enter build submenu | 9 | |
| Enter hero's abilities submenu | 6 | |
| Give item / drop item | 1 | |
| Right click | 1105 | |
| Select / deselect | 265 | |
| Select group hotkey | 397 | |
| Use ability | 19 | |
1901 total
» units
| Wisp | 12 | |
| Huntress | 8 | |
| Glaive Thrower | 9 | |
29 total
» upgrades
| Strength of the Moon | 1 | |
| Moon Armor | 1 | |
| Vorpal Blades | 1 | |
| Ultravision | 1 | |
4 total
» buildings
| Altar of Elders | 1 | |
| Moon Well | 5 | |
| Ancient of War | 2 | |
| Hunter's Hall | 1 | |
| Tree of Ages | 1 | |
10 total
» build order
00:03 Altar of Elders
00:18 Moon Well
01:37 Ancient of War
01:39 Hunter's Hall
02:15 Ancient of War
02:17 Moon Well
02:31 Moon Well
05:00 Moon Well
07:10 Tree of Ages
07:31 Moon Well
» items
team 2 (loser)
PoWeR(DooM) (
blue | 124 APM | 1652 actions | 13:21)
3 Demon Hunter
2 Mana Burn
1 Evasion
2 Pandaren Brewmaster
1 Breath of Fire
1 Drunken Haze
» actions
| Assign group hotkey | 53 | |
| Build / train | 47 | |
| Enter build submenu | 17 | |
| Enter hero's abilities submenu | 6 | |
| Give item / drop item | 1 | |
| Right click | 803 | |
| Select / deselect | 206 | |
| Select group hotkey | 456 | |
| Use ability | 63 | |
1652 total
» units
| Wisp | 11 | |
| Archer | 1 | |
| Huntress | 8 | |
| Dryad | 8 | |
| Glaive Thrower | 1 | |
29 total
» upgrades
» buildings
| Moon Well | 5 | |
| Altar of Elders | 1 | |
| Ancient of War | 1 | |
| Hunter's Hall | 1 | |
| Tree of Ages | 1 | |
| Ancient Protector | 2 | |
| Ancient of Lore | 2 | |
| Ancient of Wonders | 2 | |
15 total
» build order
00:18 Moon Well
00:32 Altar of Elders
01:08 Ancient of War
01:56 Hunter's Hall
02:05 Moon Well
03:15 Tree of Ages
03:50 Moon Well
04:45 Ancient Protector
04:52 Moon Well
05:11 Ancient Protector
05:51 Ancient of Lore
07:37 Ancient of Wonders
09:21 Ancient of Wonders
09:49 Ancient of Lore
10:59 Moon Well
» items
| Boots of Speed | 3 | |
| Scroll of Healing | 2 | |
| Potion of Healing | 3 | |
| Potion of Lesser Invulnerability | 1 | |
9 total
observersChainer-,
Starshaped Chat log
(00:06 / All) PoWeR(DooM): ..
(00:09 / All) PoWeR(DooM): LOL
(00:10 / All) Zith): woah
(00:11 / All) PoWeR(DooM): thanks
(00:12 / All) PoWeR(DooM): ..
(00:59 / All) PoWeR(DooM): not that good for lc
(01:19 / All) PoWeR(DooM): pretty horrible tbh
(01:27 / All) Zith): thasts estonia for ya
(01:37 / All) PoWeR(DooM): more like geography
(01:46 / All) PoWeR(DooM): uk is an island
(01:50 / All) PoWeR(DooM): tubes run
(06:27 / All) PoWeR(DooM): t1
(07:13 / All) PoWeR(DooM): where u runnin
(07:53 / All) PoWeR(DooM): so ur dead
(12:25 / All) Zith): sure
(13:20 / All) PoWeR(DooM): gg